 Dungeon Crawl Stone Soup version 0.25-a0-413-g3b4b6a4ccc (webtiles) character file.

Game seed: 716974571164502737, levelgen mode: deterministic

214 Anathary the Chopper (level 5, 0/46 HPs)
             Began as a Draconian Berserker on Jan 16, 2020.
             Was a Priest of Trog.
             Succumbed to Sigmund's poison
             ... on level 4 of the Dungeon.
             The game lasted 00:10:35 (3762 turns).

Anathary the Chopper (Draconian Berserker)          Turns: 3762, Time: 00:10:35

Health: 0/46       AC:  5    Str: 25    XL:     5   Next: 59%
Magic:  5/5        EV: 13    Int:  8    God:    Trog [***...]
Gold:   195        SH:  0    Dex: 10    Spells: 4/4 levels left

rFire    . . .     SeeInvis +   w - +2 war axe (elec)
rCold    . . .     Gourm    .   (no shield)
rNeg     . . .     Faith    .   (armour unavailable)
rPois    .         Spirit   .   (helmet restricted)
rElec    .         Reflect  .   (no cloak)
rCorr    .         Harm     .   (no gloves)
MR       .....                  (no boots)
Stlth    +.........             (no amulet)
HPRegen  0.15/turn              k - ring of see invisible
MPRegen  0.09/turn              o - +5 ring of strength

@: confused, lethally poisoned (0 -> -34)
A: unfitting armour, cold-blooded, AC +5
a: Berserk, Trog's Hand, Renounce Religion


You were on level 4 of the Dungeon.
You worshipped Trog.
Trog was most pleased with you.
You were not hungry.

You visited 1 branch of the dungeon, and saw 4 of its levels.

You collected 195 gold pieces.

Inventory:

Hand Weapons
 w - a +2 war axe of electrocution (weapon)
Jewellery
 c - an uncursed amulet of magic regeneration {unknown}
 e - an uncursed ring of protection from cold {unknown}
 k - a ring of see invisible (left hand)
 o - a +5 ring of strength (right hand)
 r - a +1 ring of protection {unknown}
Wands
 s - a wand of random effects (13)
 u - a wand of paralysis (9)
Scrolls
 a - 2 scrolls of random uselessness
 d - a scroll of teleportation
 h - a scroll of identify
 i - 3 scrolls of remove curse {unknown}
 j - 3 scrolls of magic mapping {unknown}
 q - a scroll of blinking {unknown}
Potions
 f - a potion of haste
 g - a potion of ambrosia {unknown}
 l - a potion of mutation {unknown}
 m - a potion of might {unknown}
 n - a potion of degeneration {unknown}
 t - 3 potions of agility {unknown}
 v - a potion of curing {unknown}
Comestibles
 b - 4 rations


   Skills:
 + Level 4.1 Fighting
 + Level 5.0 Axes
 + Level 3.6 Dodging
 + Level 1.1 Stealth


You had 4 spell levels left.
You didn't know any spells.
Your spell library was empty.

Dungeon Overview and Level Annotations

Branches:
Dungeon (4/15)
 Temple: D:4-7

Altars:
Elyvilon

Annotations:
D:4 1 runed translucent door, Sigmund; zeli25's ghost, novice DEWz


Innate Abilities, Weirdness & Mutations

Your plain brown scales are hard. (AC +5)
You cannot fit into any form of body armour.
You are cold-blooded and may be slowed by cold attacks.


Message History

You feel sick. Sigmund barely misses you.
You bump into the rock wall.
You feel sick.
Sigmund points at you and mumbles some strange words.
You resist with some effort.
You bump into the rock wall.
You feel sick.
Sigmund hits you from afar with a +2 scythe of venom.
* * * LOW HITPOINT WARNING * * *
You are lethally poisoned!
You bump into the rock wall.
* * * LOW HITPOINT WARNING * * *
You feel sick.
You're too confused to move!
* * * LOW HITPOINT WARNING * * *
You feel sick.
Sigmund says, "Look into my eyes."
Sigmund hits you from afar with a +2 scythe of venom!
* * * LOW HITPOINT WARNING * * *
You are more poisoned.
You bump into the rock wall.
You die...

######### ##.......# #........#
#........#
###........#############
..................@...>#
####.......#####@#####.#
#.......#.....# #.#
#########.##### #.# #........#
#.# ####........######.#
#..................#
#........#.........#
#.................†##########
#####.........(..............†...


You could see Sigmund.

Vanquished Creatures
  Crazy Yiuf (D:2)
  Jessica (D:3)
  Terence (D:2)
  An orc wizard (D:3)
  An adder (D:2)
  3 worms
  5 dart slugs
  3 leopard geckos
  6 orcs
  A giant cockroach (D:2)
  8 goblins
  6 hobgoblins
  6 jackals
  A quokka (D:4)
  A ball python (D:3)
  9 bats
  7 frilled lizards
  8 kobolds
  7 rats
76 creatures vanquished.

Notes
Turn   | Place    | Note
-------+----------+-------------------------------------------
     0 | D:1      | Anathary the Draconian Berserker began the quest for the
                  | Orb.
     0 | D:1      | Reached XP level 1. HP: 19/19 MP: 1/1
   133 | D:1      | Reached XP level 2. HP: 26/26 MP: 2/2
   444 | D:1      | Reached ** piety under Trog
   617 | D:1      | Reached XP level 3. HP: 29/31 MP: 3/3
  1141 | D:2      | Found a runed translucent door.
  1142 | D:2      | Noticed Crazy Yiuf
  1256 | D:2      | Found a white marble altar of Elyvilon.
  1263 | D:2      | Reached skill level 4 in Axes
  1335 | D:2      | Noticed Terence
  1361 | D:2      | Killed Terence
  1361 | D:2      | Reached XP level 4. HP: 10/40 MP: 4/4
  1906 | D:2      | Killed Crazy Yiuf
  2726 | D:3      | Reached XP level 5. HP: 41/46 MP: 5/5
  2762 | D:3      | Noticed Jessica
  2775 | D:3      | Killed Jessica
  2775 | D:3      | Reached *** piety under Trog
  2775 | D:3      | Reached skill level 1 in Stealth
  3044 | D:3      | Reached skill level 5 in Axes
  3554 | D:4      | Found a runed translucent door.
  3568 | D:4      | Noticed zeli25's ghost (novice DEWz)
  3743 | D:4      | Noticed Sigmund
  3762 | D:4      | Succumbed to Sigmund's poison

Levels and vault maps discovered:
D:1:      ncdulo_wetmaze, layout_basic, amethyst_killhole
D:2:      layout_basic, elyvilon_altar_3, minivault_26, uniq_terence,
          uniq_crazy_yiuf_cottage
D:3:      layout_loops_corners, uniq_jessica
D:4:      layout_basic, ebering_ghost_reflecting_pool, uniq_sigmund

Skill      XL: |  1  2  3  4  5 |
---------------+----------------+-----
Dodging        | 3 |  3.6
Axes           | 4 5 |  5.0
Fighting       | 4 |  4.1
Stealth        | 1 |  1.1

Action                   |  1- 3 |  4- 6 || total
-------------------------+-------+-------++-------
Melee: Hand axe          |   144 |    28 ||   172
       Tailslap          |    17 |    10 ||    27
       War axe           |       |    76 ||    76
  Use: Scroll            |       |     4 ||     4
 Stab: Sleeping          |     1 |       ||     1
  Eat: Ration            |     1 |     2 ||     3
Armor: Skin              |    34 |    24 ||    58
Dodge: Dodged            |    85 |    56 ||   141

Table legend:
 A = Non-vault XP
 B = Vault XP
 C = Vault XP percentage of total XP
 D = Non-vault monster count
 E = Vault monster count
 F = Vault count percentage of total count
                 A         B        C        D         E       F
            +---------+---------+-------+---------+---------+-------
      Total |     192 |     114 |  37.3 |      73 |       3 |   3.9
            +---------+---------+-------+---------+---------+-------
        D:1 |      41 |       0 |   0.0 |      23 |       0 |   0.0
        D:2 |      46 |      77 |  62.6 |      18 |       2 |  10.0
        D:3 |      94 |      37 |  28.2 |      28 |       1 |   3.4
        D:4 |      11 |       0 |   0.0 |       4 |       0 |   0.0
            +---------+---------+-------+---------+---------+-------
